 Dungeon Crawl Stone Soup version 0.28-a0-563-gf77a47075d (webtiles) character file.

Game seed: 7474508378799072776

1439 iamoutofideas the Chopper (level 8, -6/76 HPs)
             Began as a Naga Berserker on Sept 30, 2021.
             Was a Priest of Trog.
             Mangled by an orc warrior (9 damage)
             ... on level 5 of the Dungeon.
             The game lasted 00:07:06 (6201 turns).

iamoutofideas the Chopper (Naga Berserker)          Turns: 6201, Time: 00:07:07

Health: -6/76      AC: 12    Str: 21      XL:     8   Next: 74%
Magic:  8/8        EV: 10    Int:  8      God:    Trog [***...]
Gold:   213        SH:  0    Dex:  9 (11) Spells: 7/7 levels left

rFire   . . .      SeeInvis +   a - +1 hand axe
rCold   . . .      Faith    .   (no shield)
rNeg    . . .      Spirit   .   e - +0 troll leather armour {Purgy}
rPois   +          Reflect  .   (no helmet)
rElec   .          Harm     .   m - +0 cloak
rCorr   .          Rampage  .   g - +1 pair of gloves
Will    +....                   (no barding)
Stlth   +++.......              r - amulet of the acrobat
HPRegen 1.22/turn               w - +4 ring of protection
MPRegen 0.11/turn               (no ring)

@: on berserk cooldown, slowed, very slow
A: AC +2, large, see invisible, deformed body, poison resistance, slowness 2,
spit poison 1, naga tail 1
a: Spit Poison, Renounce Religion, Berserk, Trog's Hand


You were on level 5 of the Dungeon.
You worshipped Trog.
Trog was most pleased with you.
You visited 2 branches of the dungeon, and saw 6 of its levels.
You also visited: Sewer.

You collected 213 gold pieces.

Inventory:

Hand Weapons
 a - a +1 hand axe (weapon)
 l - a +4 quarterstaff of chaos
Missiles
 c - 2 throwing nets
Armour
 e - a +0 troll leather armour (worn) {Purgy}
 g - a +1 pair of gloves (worn)
 i - a scarf of shadows
 m - a +0 cloak (worn)
Jewellery
 r - an amulet of the acrobat (around neck)
 w - a +4 ring of protection (left hand)
Wands
 q - a wand of mindburst (11)
 s - a wand of polymorph (8)
Scrolls
 j - a scroll of amnesia {unknown}
 v - a scroll of identify
Potions
 b - a potion of magic {unknown}
 d - a potion of cancellation
 f - a potion of haste
 h - a potion of lignification
 t - a potion of ambrosia
 u - a potion of flight


   Skills:
 + Level 5.9 Fighting
 + Level 7.2 Axes
 + Level 2.3 Armour
 + Level 4.0 Dodging
 + Level 5.7 Stealth
 + Level 0.1 Unarmed Combat


You had 7 spell levels left.
You didn't know any spells.
Your spell library was empty.

Dungeon Overview and Level Annotations

Branches:
Dungeon (5/15)             Temple (1/1) D:5           Sewer (visited)

Altars:
Elyvilon
Fedhas
Gozag
Hepliaklqana
Makhleb
Nemelex Xobeh
Okawaru
Qazlal
Ru
Trog
Wu Jian
Xom
Yredelemnul


Innate Abilities, Weirdness & Mutations

Your serpentine skin is tough. (AC +2)
You have supernaturally acute eyesight. (SInv)
Armour fits poorly on your strangely shaped body.
Your system is resistant to poisons. (rPois)
You cover ground very slowly.
You can spit poison.
You have a snake-like lower body.


Message History

You hit the bullfrog zombie.
You destroy the bullfrog zombie!
Trog accepts your kill.
The orc warrior hits you with a +0 halberd of protection!
* * * LOW HITPOINT WARNING * * *
You barely miss the orc warrior.
The orc warrior is severely wounded.
You hit the orc warrior.
The orc warrior is almost dead.
You slash the bullfrog skeleton! The bullfrog skeleton misses you.
The orc warrior hits you with a +0 halberd of protection.
* * * LOW HITPOINT WARNING * * *
You hit the orc warrior but do no damage.
The orc warrior is almost dead.
You hit the bullfrog skeleton.
The bullfrog skeleton barely misses you.
Unknown command.
You hit the orc warrior but do no damage.
The orc warrior is almost dead.
You slash the bullfrog skeleton!
The orc warrior hits you with a +0 halberd of protection!
* * * LOW HITPOINT WARNING * * *
The bullfrog skeleton hits you but does no damage.
You closely miss the orc warrior.
The orc warrior is almost dead.
You slash the bullfrog skeleton!
You destroy the bullfrog skeleton!
Trog accepts your kill.
The orc warrior hits you with a +0 halberd of protection!
* * * LOW HITPOINT WARNING * * *
You feel your intelligence returning.
You barely miss the orc warrior.
The orc warrior is almost dead.
You completely miss the orc warrior.
The orc warrior is almost dead.
You are no longer berserk.
You are exhausted.
You feel yourself slow down.
The orc warrior hits you with a +0 halberd of protection!
You die...

.... ##.........#####..
.....#......<.#..###...
#............#..#.....
##....#.....####..#.###
##....#_#.....# ......#
.......#..!...# #.....##
#............# #.......
.#....)..###..###.......
......)@).###...........
......o..## ####.....##.
........... ##........
..........## #....##...
..........# ###...#.....
........#.###^..........
...................#....
##.......<...##...#####..
......#.... #..#..##....


You could see an orc warrior.

Vanquished Creatures
  Purgy (Sewer)
  2 ogres (D:5)
  A phantom (D:5)
  A scorpion (D:5)
  A water moccasin zombie (D:5)
  2 water moccasin skeletons
  A centaur zombie (D:5)
  A howler monkey (D:5)
  A bullfrog zombie (D:5)
  A jelly (D:5)
  5 hounds (D:5)
  Crazy Yiuf (D:2)
  3 orc priests
  3 bullfrog skeletons
  A centaur skeleton (D:5)
  4 iguanas
  8 gnolls
  9 adders
  A dart slug (D:2)
  11 orcs
  7 ball pythons
  9 endoplasms
  2 giant cockroaches
  6 hobgoblins
  7 jackals (D:3)
  9 bats
  7 frilled lizards
  6 goblins
  10 kobolds
  7 rats
128 creatures vanquished.

Notes
Turn   | Place    | Note
-------+----------+-------------------------------------------
     0 | D:1      | iamoutofideas the Naga Berserker began the quest for the
                  | Orb.
     0 | D:1      | Reached XP level 1. HP: 21/21 MP: 1/1
   498 | D:1      | Reached XP level 2. HP: 24/28 MP: 2/2
  1758 | D:2      | Reached ** piety under Trog
  1766 | D:2      | Reached XP level 3. HP: 10/32 MP: 3/3
  2214 | D:2      | Found a runed translucent door.
  2215 | D:2      | Noticed Crazy Yiuf
  2702 | D:2      | Killed Crazy Yiuf
  2703 | D:2      | Reached XP level 4. HP: 7/42 MP: 4/4
  3076 | D:3      | Reached skill level 4 in Axes
  3076 | D:3      | Reached XP level 5. HP: 11/49 MP: 5/5
  3982 | D:3      | Reached XP level 6. HP: 45/57 MP: 6/6
  4270 | D:4      | Reached skill level 5 in Axes
  4288 | D:4      | Reached *** piety under Trog
  4779 | D:4      | Found a white marble altar of Elyvilon.
  4819 | D:4      | Found a blossoming altar of Fedhas.
  4942 | D:4      | Found a hazy altar of Hepliaklqana.
  5097 | D:5      | Entered Level 5 of the Dungeon
  5099 | D:5      | Found a glowing drain.
  5124 | D:5      | Reached XP level 7. HP: 48/66 MP: 7/7
  5311 | Sewer    | Entered a sewer
  5314 | Sewer    | Noticed Purgy
  5323 | Sewer    | Killed Purgy
  5324 | Sewer    | Reached skill level 6 in Axes
  5484 | D:5      | Found an iron altar of Okawaru.
  5508 | D:5      | Reached skill level 5 in Stealth
  5561 | D:5      | Reached skill level 5 in Fighting
  5561 | D:5      | Reached XP level 8. HP: 74/74 MP: 8/8
  5579 | D:5      | HP: 5/111 [hound (4)]
  5829 | D:5      | Found a staircase to the Ecumenical Temple.
  5912 | D:5      | Reached skill level 7 in Axes
  6006 | Temple   | Entered the Ecumenical Temple
  6199 | D:5      | HP: 3/114 [orc warrior (10)]
  6201 | D:5      | Mangled by an orc warrior

Illustrated notes

Levels and vault maps discovered:
D:1:      dpeg_arrival_signposts, layout_loops_corners
D:2:      layout_basic, hangedman_decor_clover_reticule, minmay_ruptured,
          uniq_crazy_yiuf_cottage
D:3:      layout_basic
D:4:      layout_rooms, fedhas_altar_fruit_tree, lemuel_doored_altar,
          kennysheep_mini
D:5:      layout_cave_pools, okawaru_metal_pillars_1_2,
          minmay_temple_entry_mist, gup_sewer_entry_glass, minmay_bent
Temple:   compressed_dpeg_triangle_lava_temple

Skill      XL: |  1  2  3  4  5  6  7  8 |
---------------+-------------------------+-----
Stealth        | 3 4 5 |  5.7
Axes           | 4 5 6 7 |  7.2
Dodging        | 2 3 4 |  4.0
Fighting       | 4 5 |  5.9
Armour         | 2 |  2.3
Unarmed Combat | |  0.1

Action                   |  1- 3 |  4- 6 |  7- 9 || total
-------------------------+-------+-------+-------++-------
Melee: Hand axe          |   103 |   179 |   164 ||   446
       Unarmed           |       |     7 |       ||     7
Invok: Berserk           |     1 |     5 |     5 ||    11
       Trog's Hand       |       |       |     1 ||     1
 Abil: Spit Poison       |     2 |       |     1 ||     3
  Use: Scroll            |       |     6 |       ||     6
       Potion            |       |       |    10 ||    10
 Stab: Sleeping          |     1 |     3 |     5 ||     9
Armor: Animal skin       |    18 |    63 |     9 ||    90
       Skin              |       |     2 |    67 ||    69
       Troll leather arm |       |       |   108 ||   108
Dodge: Dodged            |    57 |   123 |   116 ||   296

Table legend: (Time is in decaauts)
 A = Elapsed time spent in this place.
 B = Non-inter-level travel time spent in this place.
 C = Inter-level travel time spent in this place.
 D = Time resting spent in this place.
 E = Time spent auto-exploring this place.
 F = Levels seen in this place.
 G = Mean time per level.
                   A        B        C        D        E       F      G
               +--------+--------+--------+--------+--------+-----+--------+
         Total |   7427 |   7227 |    200 |   1378 |   4734 |   7 | 1061.0 |
       Dungeon |   6999 |   6827 |    172 |   1378 |   4407 |   5 | 1399.8 |
        Temple |    207 |    180 |     27 |      0 |    170 |   1 |  207.0 |
         Sewer |    221 |    221 |      0 |      0 |    156 |   1 |  221.0 |
               +--------+--------+--------+--------+--------+-----+--------+

Top non-repeatable levels by time:
     D:2: 1875 daAuts
     D:1: 1742 daAuts
     D:3: 1439 daAuts
     D:4: 1016 daAuts
     D:5: 925 daAuts
   Sewer: 221 daAuts
  Temple: 207 daAuts
